 Dungeon Crawl Stone Soup version 0.30-a0-626-gd6a5dd7a1f (webtiles) character file.

Game seed: 12777513376344775770

14 drugrobin the Sneak (level 2, -2/21 (25) HPs)
             Began as a Demigod Delver on Jan 11, 2023.
             Slain by a necrophage (4 damage)
             ... on level 4 of the Dungeon.
             The game lasted 00:06:55 (699 turns).

drugrobin the Sneak (Demigod Delver)                 Turns: 699, Time: 00:06:56

HP:   -2/21 (25)    AC:  3    Str: 13    XL:     2   Next: 15%
MP:   4/4           EV: 11    Int: 12    God:
Gold: 0             SH:  0    Dex: 15    Spells: 1/1 levels left

rFire   . . .      SeeInvis .      - Unarmed
rCold   . . .      Faith    .    (no shield)
rNeg    . . .      Spirit   .    a - +0 leather armour
rPois   .          Reflect  .    (no helmet)
rElec   .          Harm     .    (no cloak)
rCorr   .          Rampage  .    (no gloves)
Will    .....                    (no boots)
Stlth   +++                      (no amulet)
HPRegen 0.23/turn                (no ring)
MPRegen 0.09/turn                (no ring)

@: heavily drained
A: high MP 1, forlorn, divine attributes
a: no special abilities


You were on level 4 of the Dungeon.
You visited 1 branch of the dungeon, and saw 4 of its levels.

Inventory:

Armour
 a - a +0 leather armour (worn)
Wands
 f - a wand of digging (2)
 l - a wand of polymorph (7)
Scrolls
 b - a scroll of fog
Potions
 c - a potion of flight


   Skills:
 - Level 2.6 Fighting
 - Level 1.7 Dodging
 - Level 4.5 Stealth
 + Level 2.7 Unarmed Combat


You had one spell level left.
You didn't know any spells.
Your spell library contained the following spells:

 Spells                   Type           Power      Damage    Failure   Level
 Animate Dead             Necr           0%         N/A       99%         4
 Haunt                    Necr/Summ      0%         N/A       100%        7
 Infestation              Necr           0%         N/A       100%        8


Dungeon Overview and Level Annotations

Branches:
Dungeon (7/15)
 Temple: D:4-7

Annotations:
D:4 1 transporter
D:5 exclusions: adder and centaur, Sigmund


Innate Abilities, Weirdness & Mutations

You have an increased reservoir of magic. (+10% MP)
You shall have no god before yourself.
Your divine heritage dramatically boosts your attributes as you level up.


Message History

You hit the necrophage.
The necrophage is moderately damaged.
The necrophage closely misses you.
You hit the necrophage.
The necrophage is heavily damaged.
The necrophage hits you.
You hit the necrophage but do no damage.
The necrophage is heavily damaged.
The necrophage hits you.
You completely miss the necrophage.
The necrophage is heavily damaged.
The necrophage hits you.
* * * LOW HITPOINT WARNING * * *
You hit the necrophage.
The necrophage is severely damaged.
The necrophage barely misses you.
You closely miss the necrophage.
The necrophage is severely damaged.
The necrophage closely misses you.
You closely miss the necrophage.
The necrophage is severely damaged.
The necrophage hits you.
* * * LOW HITPOINT WARNING * * *
You feel drained.
* * * LOW HITPOINT WARNING * * *
Unknown command.
Unknown command.
You hit the necrophage but do no damage.
The necrophage is severely damaged.
The necrophage misses you.
Unknown command.
You hit the necrophage.
The necrophage is severely damaged.
The necrophage hits you.
* * * LOW HITPOINT WARNING * * *
Unknown command.
You closely miss the necrophage.
The necrophage is severely damaged.
The necrophage hits you.
You die...

### #.. #.#
#.. #.###
#.'.# # #.'.#
.#
#n########.#
#@..#Or#...#
#.#.#++#.#.#
#..........#.#
##...........#
#############


You could see a necrophage.

Vanquished Creatures
  An adder (D:4)
  An orc (D:5)
  A goblin (D:4)
  A quokka (D:5)
4 creatures vanquished.

Notes
Turn   | Place    | Note
-------+----------+-------------------------------------------
     0 | D:5      | drugrobin the Demigod Delver began the quest for the Orb.
     0 | D:5      | Reached XP level 1. HP: 18/18 MP: 3/3
     4 | D:5      | Noticed a centaur
   378 | D:5      | Noticed a jelly
   450 | D:7      | Noticed an orc wizard
   455 | D:7      | Noticed an orc priest
   459 | D:7      | Noticed an orc priest
   570 | D:5      | Noticed Sigmund
   578 | D:5      | Noticed an ice beast
   597 | D:5      | Noticed a jelly
   599 | D:5      | Noticed an iguana
   631 | D:4      | Reached XP level 2. HP: 20/25 MP: 4/4
   634 | D:4      | Found a transporter.
   669 | D:4      | Noticed an ogre
   677 | D:4      | Noticed a necrophage
   699 | D:4      | Slain by a necrophage

Illustrated notes

Levels and vault maps discovered:
D:4:      layout_rooms, general_overflow_altar, minmay_temple_entry_mist,
          gammafunk_ghost_stat_death, nicolae_ossuary_entry_ruins,
          hangedman_glass_teeth, minmay_mini_jars, uniq_edmund, uniq_duvessa,
          uniq_menkaure
D:5:      layout_basic, nicolae_uskayaw_en_pointe, uniq_sigmund
D:6:      layout_basic, uniq_eustachio
D:7:      layout_basic, kennysheep_little_box, uniq_maggie

Skill      XL: |  1 |
---------------+----+-----
Unarmed Combat | 2 |  2.7
Fighting       | |  2.6
Dodging        | |  1.7
Stealth        | |  4.5

Action                   || total
-------------------------++-------
Melee: Unarmed           ||    49
Throw: Stone             ||     3
Evoke: Wand              ||     1
  Use: Potion            ||     3
       Scroll            ||     5
Armor: Leather armour    ||     3
Dodge: Dodged            ||    25

Table legend: (Time is in decaauts)
 A = Elapsed time spent in this place.
 B = Non-inter-level travel time spent in this place.
 C = Inter-level travel time spent in this place.
 D = Time resting spent in this place.
 E = Time spent auto-exploring this place.
 F = Levels seen in this place.
 G = Mean time per level.
                   A        B        C        D        E       F      G
               +--------+--------+--------+--------+--------+-----+--------+
         Total |    678 |    656 |     22 |     90 |     66 |   4 |  169.5 |
       Dungeon |    678 |    656 |     22 |     90 |     66 |   4 |  169.5 |
               +--------+--------+--------+--------+--------+-----+--------+

Top non-repeatable levels by time:
     D:5: 385 daAuts
     D:6: 191 daAuts
     D:4: 75 daAuts
     D:7: 25 daAuts
